AoeStats
← yanyang

Arena

510767969Analyzed
2v2 RM · 1d ago on Oct 2, 2026· 57m 5s· 4 players
Game mode
Random Map
Map size
Medium (4 player)
Population
200
Speed
Normal
Resources
Standard
Victory
Conquest
Starting age
Dark Age
Ending age
Imperial Age
RankedLock teamsTeams togetherTeam positionsShared explorationLock speedFull tech treeHidden civsTurbo modeCheats
Victory
Defeat
🇨🇳 Magyars · China
1302
+11
🇨🇳 Bohemians · China
1140
+17
🇨🇳 Italians · China
1179
-14
🇨🇳 Poles · China
1173
-14
yuyuyu
12:06 Feudal Age
11:15 Loom
17:01 Castle Age
14:52 Double-Bit Axe
14:49 Horse Collar
23:30 Imperial Age
21:15 Padded Archer Armor
22:22 Gold Mining
23:45 Fletching
25:13 Chemistry
25:50 Leather Archer Armor
26:16 Conscription
29:15 Bow Saw
29:08 Heavy Plow
30:32 Ring Archer Armor
33:02 Ballistics
32:51 Thumb Ring
38:52 Elite Genoese Crossbowman
39:31 Bodkin Arrow
47:05 Bracer
56:21 Onager
yanyang
10:39 Feudal Age
14:30 Castle Age
12:40 Double-Bit Axe
14:06 Horse Collar
16:28 Loom
17:12 Bow Saw
17:47 Heavy Plow
20:52 Stone Mining
22:45 Scale Barding Armor
24:42 Szlachta Privileges
25:00 Husbandry
25:10 Bloodlines
25:59 Chain Barding Armor
25:49 Forging
28:47 Wheelbarrow
28:47 Forging
30:25 Murder Holes
35:43 Imperial Age
36:24 Iron Casting
35:46 Cavalier
38:09 Crop Rotation
40:38 Wheelbarrow
39:48 Town Watch
40:40 Light Cavalry
45:58 Winged Hussar
51:49 Conscription
55:19 Lechitic Legacy
3YC
11:03 Feudal Age
12:33 Double-Bit Axe
12:29 Horse Collar
15:00 Castle Age
16:08 Bow Saw
15:59 Heavy Plow
17:02 Loom
21:23 Wheelbarrow
23:08 Stone Mining
23:09 Gold Mining
25:05 Gold Shaft Mining
25:30 Hand Cart
29:38 Imperial Age
26:56 Loom
26:57 Town Watch
29:13 Fletching
29:39 Thumb Ring
29:56 Bloodlines
29:47 Husbandry
30:56 Parthian Tactics
30:54 Conscription
31:13 Bodkin Arrow
31:12 Heavy Cavalry Archer
32:09 Bracer
32:10 Padded Archer Armor
32:42 Ballistics
33:22 Chemistry
33:56 Leather Archer Armor
33:43 Recurve Bow
34:17 Scale Barding Armor
34:31 Corvinian Army
34:01 Elite Skirmisher
35:52 Ring Archer Armor
35:44 Chain Barding Armor
35:31 Elite Magyar Huszar
38:20 Coinage
41:47 Plate Barding Armor
56:06 Siege Engineers
55:42 Treadmill Crane
黑色的广告
11:11 Feudal Age
15:12 Castle Age
14:16 Double-Bit Axe
14:30 Horse Collar
16:46 Bow Saw
22:53 Chemistry
22:47 Heavy Plow
23:23 Fervor
24:35 Wheelbarrow
26:50 Hand Cart
27:27 Pikeman
31:44 Imperial Age
29:27 Squires
29:30 Scale Mail Armor
38:07 Loom
44:17 Imperial Age
45:07 Squires
45:02 Halberdier
47:08 Conscription
48:49 Forging
49:39 Chain Mail Armor
50:49 Houfnice
56:42 Two-Man Saw
Connection lost

Rejoining the realm…

Still unreachable

The connection could not be restored.

Session expired

The server has moved on; the page needs a fresh start.